 Dungeon Crawl Stone Soup version 0.30-a0-358-g0d69a1922f (webtiles) character file.

Game seed: 7968661982067924649

6 gamesnag the Caller (level 1, 0/7 HPs)
             Began as a Felid Summoner on Nov 10, 2022.
             Constricted to death by a ball python (1 damage)
             ... on level 1 of the Dungeon.
             The game lasted 00:03:51 (272 turns).

gamesnag the Caller (Felid Summoner)                 Turns: 272, Time: 00:03:52

Health: 0/7        AC:  1    Str:  4    XL:     1   Next: 75%
Magic:  4/4        EV: 14    Int: 16    God:
Gold:   72         SH:  0    Dex: 16    Spells: 3/4 levels left
                                        Lives:  0   Deaths: 0

rFire   . . .      SeeInvis +    (weapon unavailable)
rCold   . . .      Faith    .    (shield unavailable)
rNeg    . . .      Spirit   .    (body armour unavailable)
rPois   .          Reflect  .    (helmet unavailable)
rElec   .          Harm     .    (cloak unavailable)
rCorr   .          Rampage  .    (gloves unavailable)
Will    .....                    (boots unavailable)
Stlth   ++........               (no amulet)
HPRegen 0.21/turn                (no ring)
MPRegen 0.09/turn                (no ring)

@: constricted, quick
A: very small, claws 1, fangs 3, see invisible, speed 1, shaggy fur 1, stealthy
paws, no weapons or thrown items, no armour, multi-lived
a: no special abilities


You were on level 1 of the Dungeon.
You visited 1 branch of the dungeon, and saw 1 of its levels.

You collected 72 gold pieces.

Inventory:

Scrolls
 b - 2 scrolls of identify {unknown}
Potions
 a - a potion of magic
 c - a potion of mutation {unknown}


   Skills:
 + Level 2.7 Dodging
 + Level 2.7 Stealth
 + Level 2.0 Spellcasting
 + Level 4.2 Summonings


You had 3 spell levels left.
You knew the following spells:

 Your Spells              Type           Power      Damage    Failure   Level
a - Summon Small Mammal   Summ           60%        N/A       3%          1

Your spell library contained the following spells:

 Spells                   Type           Power      Damage    Failure   Level
 Call Imp                 Summ           15%        N/A       5%          2
 Call Canine Familiar     Summ           15%        N/A       11%         3
 Summon Guardian Golem    Hex/Summ       8%         N/A       26%         3
 Summon Lightning Spire   Summ/Air       8%         N/A       65%         4


Dungeon Overview and Level Annotations

Branches:
Dungeon (1/15)

Altars:

Shops:
D:1 ((?


Innate Abilities, Weirdness & Mutations

You have sharp claws.
You have razor-sharp teeth.
You have supernaturally acute eyesight. (SInv)
You cover ground quickly. (Speed+)
You are covered in fur. (AC +1)
Your paws help you pounce on unaware monsters.
You are incapable of wielding weapons or throwing items.
You cannot wear armour.
You gain extra lives every three experience levels.


Message History

The bat is heavily wounded.
The bat closely misses you. The bat barely misses you.
You closely miss the bat.
The bat is heavily wounded.
The bat misses you. The bat hits you but does no damage.
The bat completely misses you.
You barely miss the bat.
The bat is heavily wounded.
The bat hits you but does no damage. x2
The bat closely misses you.
You closely miss the bat.
The bat is heavily wounded.
The bat completely misses you. The bat hits you but does no damage.
You scratch the bat but do no damage.
The bat is heavily wounded.
The bat misses you.
You barely miss the bat.
The bat is heavily wounded.
The bat hits you. The bat hits you.
You scratch the bat. You bite the bat.
You kill the bat!
You see here a bat corpse.
You start resting.
HP restored.
A ball python comes into view.
Found a scroll labelled KEKHLI TIURUUTIDI and a grey potion.
Found 5 poisoned darts and 13 gold pieces.
Found Ewkiwkan's Magic Scroll Shoppe.
Found a stone staircase leading down.
Found 16 gold pieces.
The ball python hisses angrily.
The ball python bites you. The ball python barely misses you.
A ball python is nearby!
The ball python barely misses you. The ball python grabs you.
The ball python constricts you.
You see here a scroll labelled KEKHLI TIURUUTIDI.
You barely miss the ball python. The ball python bites you.
* * * LOW HITPOINT WARNING * * *
The ball python constricts you.
You die...

. ####### .# .
.....##.#..
#.##..>$......
#.##.......#..
#.##.(........
#.##....!....#
#.##..@...$#
#.#...S....#
#####.#........#
#...........#.##
#.#####.#####.#
#.# #.# # #.#
#.. #†# #... #.#
#..#.


You could see a ball python.

Vanquished Creatures
  A dart slug (D:1)
  A ball python (D:1)
  A bat (D:1)
  A rat (D:1)
4 creatures vanquished.

Notes
Turn   | Place    | Note
-------+----------+-------------------------------------------
     0 | D:1      | gamesnag the Felid Summoner began the quest for the Orb.
     0 | D:1      | Reached XP level 1. HP: 7/7 MP: 4/4
   105 | D:1      | Found Zotawid's Antique Weapon Boutique.
   128 | D:1      | Found Aratzur's Antique Weapon Emporium.
   264 | D:1      | Found Ewkiwkan's Magic Scroll Shoppe.
   272 | D:1      | Constricted to death by a ball python

Illustrated notes

Levels and vault maps discovered:
D:1:      minmay_arrival_stair_chambers, layout_loops_ring, serial_shops,
          shop_coins, nicolae_shop_window_shopping, nicolae_shop_hallway_plus,
          nicolae_diamond_shop, shop

Action                   || total
-------------------------++-------
Melee: Unarmed           ||    21
       Bite              ||     5
Armor: Skin              ||     4
Dodge: Dodged            ||    28

Table legend: (Time is in decaauts)
 A = Elapsed time spent in this place.
 B = Non-inter-level travel time spent in this place.
 C = Inter-level travel time spent in this place.
 D = Time resting spent in this place.
 E = Time spent auto-exploring this place.
 F = Levels seen in this place.
 G = Mean time per level.
                   A        B        C        D        E       F      G
               +--------+--------+--------+--------+--------+-----+--------+
         Total |    225 |    222 |      3 |      0 |     34 |   1 |  225.0 |
       Dungeon |    225 |    222 |      3 |      0 |     34 |   1 |  225.0 |
               +--------+--------+--------+--------+--------+-----+--------+

Top non-repeatable levels by time:
     D:1: 225 daAuts
